 Dungeon Crawl Stone Soup version 0.26.1-10-gdfb7c7de75 (webtiles) character file.

Game seed: 17160144610224557665

89252 manyhoops the Transmogrifier (level 15, 0/139 HPs)
             Began as a Palentonga Transmuter on Apr 3, 2021.
             Was the Champion of Uskayaw.
             Slain by a boulder beetle (25 damage)
             ... on level 13 of the Dungeon.
             The game lasted 01:23:19 (41858 turns).

manyhoops the Transmogrifier (PaTm)                Turns: 41858, Time: 01:23:20

Health: 0/139      AC: 25    Str: 18    XL:     15   Next: 48%
Magic:  13/23      EV: 16    Int: 15    God:    Uskayaw [******]
Gold:   606        SH:  0    Dex: 13    Spells: 4/25 levels left

rFire    + . .     SeeInvis +     - Unarmed
rCold    + . .     Faith    .   (shield currently unavailable)
rNeg     . . .     Spirit   .   v - +1 robe of Responsibility {rPois rF+}
rPois    +         Reflect  .   N - +2 hat {Will+}
rElec    .         Harm     .   x - +0 cloak
rCorr    .         Rampage  .   (gloves currently unavailable)
Will     ++...                  W - +4 barding {rC+}
Stlth    +.........             (no amulet)
HPRegen  0.33/turn              U - ring of wizardry
MPRegen  0.18/turn              y - +4 ring of evasion

@: blade hands, curled up
A: large, rugged brown scales 3, see invisible, agile 1, deformed body, wild
magic 2, roll 1, armoured tail, reflexive curl
a: Rolling Charge, End Transformation, Renounce Religion, Stomp, Line Pass,
Grand Finale


You were on level 13 of the Dungeon.
You worshipped Uskayaw.
Uskayaw was aware of your devotion.
You had blades for hands.
You visited 3 branches of the dungeon, and saw 20 of its levels.
You also visited: Sewer.

You collected 2150 gold pieces.
You spent 1544 gold pieces at shops.

Inventory:

Hand Weapons
 Q - the +1 rapier "Nest" {holy, +Inv rF+ rC+ rN+}
   (You found it on level 6 of the Lair of Beasts)

   It has been blessed by the Shining One to cause great damage to the undead
   and demons.
   It protects you from fire.
   It protects you from cold.
   It protects you from negative energy.
   It lets you turn invisible.
 V - the +10 whip of Circularity {drain, *Slow rElec Str+4 SInv}
   (You found it on level 3 of the Lair of Beasts)

   A truly terrible weapon, it drains the life of those it strikes.
   It affects your strength (+4).
   It insulates you from electricity.
   It lets you see invisible.
   It may slow you when you take damage.
Missiles
 d - 89 poisoned darts
 p - 9 throwing nets (quivered)
 t - 19 curare-tipped darts
Armour
 g - a +4 ring mail of cold resistance
 v - the +1 robe of Responsibility (worn) {rPois rF+}
   (You bought it in a shop on level 5 of the Dungeon)

   It protects you from fire.
   It protects you from poison.
 x - a +0 cloak (worn)
 N - a +2 hat of willpower (worn)
 W - a +4 barding of cold resistance (worn)
Jewellery
 c - an uncursed amulet of faith
 w - a +4 ring of evasion
 y - a +4 ring of evasion (right scythe-like blade)
 G - an uncursed ring of positive energy
 K - an uncursed ring of fire
 S - a +6 ring of dexterity
 T - an uncursed ring of ice
 U - a ring of wizardry (left scythe-like blade)
Wands
 a - a wand of paralysis (19)
 r - a wand of flame (64)
 s - a wand of digging (7)
 D - a wand of disintegration (11)
 M - a wand of iceblast (18)
 X - a wand of acid (7)
Scrolls
 b - 2 scrolls of magic mapping
 e - 4 scrolls of remove curse
 i - 3 scrolls of immolation
 k - 3 scrolls of teleportation
 n - 6 scrolls of fog
 q - 6 scrolls of amnesia
 A - 3 scrolls of noise
 H - a scroll of vulnerability {unknown}
 J - 3 scrolls of fear
 R - a scroll of brand weapon {unknown}
Potions
 f - 3 potions of flight
 h - 2 potions of magic
 j - a potion of mutation
 l - 3 potions of might
 m - a potion of cancellation
 o - a potion of heal wounds
 u - 2 potions of lignification
 z - 5 potions of brilliance
 B - 2 potions of resistance
 E - 2 potions of attraction
 L - 3 potions of haste
Miscellaneous
 Y - a condenser vane


   Skills:
 - Level 11.5 Fighting
 - Level 7.6 Armour
 - Level 8.0 Dodging
 - Level 12.7 Unarmed Combat
 - Level 5.8 Spellcasting
 - Level 13.7 Transmutations
 - Level 3.0 Ice Magic
 + Level 6.3 Earth Magic
 - Level 8.3 Invocations


You had 4 spell levels left.
You knew the following spells:

 Your Spells              Type           Power        Failure   Level
a - Beastly Appendage     Tmut           100%         6%          1
b - Wereblood             Tmut           64%          6%          2
c - Spider Form           Tmut/Pois      19%          17%         3
d - Ice Form              Ice/Tmut       47%          22%         4
e - Statue Form           Tmut/Erth      35%          58%         6
f - Blade Hands           Tmut           32%          14%         5

Your spell library contained the following spells:

 Spells                   Type           Power        Failure   Level
 Sting                    Tmut/Pois      100%         12%         1
 Ignite Poison            Fire/Tmut/Pois 28%          26%         3
 Animate Skeleton         Necr           12%          38%         1
 Apportation              Tloc           12%          38%         1
 Corona                   Hex            6%           38%         1
 Pain                     Necr           24%          38%         1
 Summon Small Mammal      Summ           24%          38%         1
 Call Imp                 Summ           6%           45%         2
 Poisonous Vapours        Pois/Air       12%          45%         2
 Call Canine Familiar     Summ           6%           61%         3
 Mephitic Cloud           Conj/Pois/Air  6%           61%         3
 Summon Guardian Golem    Hex/Summ       6%           61%         3
 Vampiric Draining        Necr           3%           61%         3
 Summon Ice Beast         Ice/Summ       14%          77%         4
 Animate Dead             Necr           3%           88%         4
 Olgreb's Toxic Radiance  Pois           6%           88%         4
 Summon Lightning Spire   Summ/Air       6%           88%         4
 Alistair's Intoxication  Tmut/Pois      26%          50%         5
 Bolt of Magma            Conj/Fire/Erth 8%           90%         5
 Agony                    Necr           6%           98%         5
 Iskenderun's Battlesphe  Conj           6%           98%         5
 Iron Shot                Conj/Erth      11%          99%         6
 Orb of Destruction       Conj           3%           100%        7
 Spellforged Servitor     Conj/Summ      3%           100%        7


Dungeon Overview and Level Annotations

Branches:
Dungeon (13/15)            Temple (0/1) D:4            Lair (6/6) D:10
  Swamp (0/4) Lair:3       Spider (0/4) Lair:3        Slime (1/5) Lair:6
    Orc (0/2) D:10          Sewer (visited)
 Vaults: D:13-14

Altars:
Ashenzari
Cheibriados
Elyvilon
Gozag
Makhleb
Okawaru
Qazlal
Sif Muna
Trog
Uskayaw
Vehumet
Wu Jian
Xom
Yredelemnul

Shops:
D:5 *(*[   D:8 ((:*   D:11 *

Annotations:
D:2 Sigmund
D:10 1 transporter


Innate Abilities, Weirdness & Mutations

You are completely covered in rugged brown scales. (AC +3, +7% HP)
You have supernaturally acute eyesight. (SInv)
Armour fits poorly on your strangely shaped body.
You can roll at nearby foes to attack.
You have a long armoured tail.
You curl defensively after being hit.
You are agile. (Dex +2)
Your spells are harder to cast, but more powerful.


Message History

You are too injured to fight recklessly!
Casting: Wereblood (safe; 1% risk of failure)
Confirm with . or Enter, or press ? or * to list all spells.
Your hands turn into razor-sharp scythe blades.
The hornet is no longer paralysed.
The orc warrior is no longer paralysed.
The hornet barely misses you.
The orc warrior hits you from afar with a +0 halberd!!
* * * LOW HITPOINT WARNING * * *
You are too injured to fight recklessly!
Unknown command.
You are too injured to fight recklessly!
The helpless centaur fails to defend itself.
You shred the centaur!!!
You kill the centaur!
The hornet stings you.
* * * LOW HITPOINT WARNING * * *
You hit the hornet but do no damage.
Your tail-slap misses the hornet.
The boulder beetle is no longer paralysed.
The hornet closely misses you. The boulder beetle bites you!!
You die...

.........### ...........
... ..........###....
................
.............#.#
##..............
.....oy)...$...#
......)@...(##.#
......B.(...##<##
.......>..(..?..#
.#..............########
#.......(.#...##...)...
..........(##[)##.......
................#$>.....
.......<...##.##........
................#......


You could see a boulder beetle, a hornet and an orc warrior.

Vanquished Creatures
  Gastronok (D:8)
  5 dire elephants (Lair:6)
  Snorg (D:10)
  Harold (D:8)
  3 catoblepae
  8 hydras
  3 boulder beetles
  Erolcha (D:11)
  A centaur warrior (D:13)
  7 two-headed ogres
  9 death yaks (Lair:6)
  An anaconda (Lair:6)
  Sonja (Lair:4)
  Urug (D:10)
  An unseen horror (D:13)
  Pikel (D:5)
  An obsidian statue (D:11)
  A deep elf mage (D:10)
  2 cyclopes (D:12)
  An oklob plant (Lair:6)
  23 elephants
  A torpor snail (Lair:6)
  5 black mambas
  Psyche (D:8)
  A gargoyle (D:8)
  17 cane toads
  8 rime drakes
  2 kobold demonologists (D:13)
  13 komodo dragons
  6 polar bears
  2 trolls
  A hornet (D:11)
  Prince Ribbit (D:5)
  5 dream sheep (Lair:4)
  28 blink frogs
  3 redbacks
  Eustachio (D:5)
  52 yaks
  2 tarantellas (Lair:3)
  12 wyverns
  2 wraiths
  Grum (D:8)
  2 vampire mosquitoes (D:13)
  3 steam dragons
  8 basilisks
  Menkaure (D:5)
  Edmund (D:4)
  2 soldier ants (D:8)
  2 two-headed ogre zombies (D:10)
  An acid dragon (D:12)
  22 water moccasins
  8 black bears
  A necrophage (D:10)
  9 orc warriors
  9 ice beasts
  2 phantoms
  5 sky beasts
  2 eyes of draining (D:11)
  12 ogres
  13 wolves
  5 centaurs
  A tengu (shapeshifter) (D:13)
  2 big kobolds
  30 bullfrogs
  A wyvern zombie (D:10)
  18 killer bees
  6 scorpions
  4 wights (D:11)
  A howler monkey (D:8)
  3 electric eels
  A centaur zombie (D:6)
  A bullfrog zombie (D:5)
  A jelly (D:5)
  2 quasits
  5 hounds
  8 orc priests
  2 bullfrog skeletons
  Crazy Yiuf (D:5)
  6 gnoll shamans
  3 centaur skeletons
  Jessica (D:2)
  9 iguanas
  18 orc wizards
  6 worker ants
  7 hell rats (Lair:4)
  A centaur simulacrum (D:8)
  A bullfrog simulacrum (D:8)
  A hound zombie (D:5)
  Robin (D:2)
  A worker ant zombie (D:8)
  24 gnolls
  28 adders
  5 river rats (Sewer)
  3 shadow imps
  6 white imps
  3 ufetubi
  2 adder zombies
  An adder skeleton (D:6)
  A dart slug (D:2)
  6 leopard geckos
  53 orcs
  10 giant cockroaches
  10 goblins
  17 hobgoblins
  7 jackals
  5 quokkas
  7 ball pythons
  9 bats
  8 frilled lizards
  16 kobolds
  2 leopard gecko skeletons
  10 rats
  A bush (D:5)
721 creatures vanquished.

Vanquished Creatures (others)
  An orc (D:8)
  83 fungi
  102 plants
186 creatures vanquished.

Grand Total: 907 creatures vanquished

Notes
Turn   | Place    | Note
-------+----------+-------------------------------------------
     0 | D:1      | manyhoops the Palentonga Transmuter began the quest for the
                  | Orb.
     0 | D:1      | Reached XP level 1. HP: 17/17 MP: 3/3
   288 | D:1      | Reached XP level 2. HP: 24/24 MP: 3/5
  1303 | D:2      | Reached XP level 3. HP: 31/31 MP: 6/6
  1313 | D:2      | Learned a level 2 spell: Wereblood
  1438 | D:2      | Found a radiant altar of Vehumet.
  1438 | D:2      | Found a bloodstained altar of Trog.
  1440 | D:2      | Found a hide-covered altar of Uskayaw.
  1440 | D:2      | Found a burning altar of Makhleb.
  1442 | D:2      | Found a stormy altar of Qazlal.
  1442 | D:2      | Found an ornate altar of the Wu Jian Council.
  1556 | D:2      | Found a white marble altar of Elyvilon.
  1821 | D:2      | Noticed Jessica
  1826 | D:2      | Killed Jessica
  1827 | D:2      | Reached XP level 4. HP: 24/38 MP: 5/7
  1996 | D:2      | Became a worshipper of Uskayaw the Reveller
  2022 | D:2      | Noticed Sigmund
  2167 | D:2      | Reached * piety under Uskayaw
  2207 | D:2      | Noticed Robin
  2221 | D:2      | Reached ** piety under Uskayaw
  2228 | D:2      | Killed Robin
  2228 | D:2      | Reached *** piety under Uskayaw
  2233 | D:2      | Reached **** piety under Uskayaw
  2243 | D:2      | Found a basalt altar of Yredelemnul.
  2780 | D:3      | Reached skill level 5 in Unarmed Combat
  2782 | D:3      | Reached ***** piety under Uskayaw
  3307 | D:3      | Reached XP level 5. HP: 44/44 MP: 8/8
  3864 | D:3      | Found a shimmering blue altar of Sif Muna.
  4010 | D:3      | Found an iron altar of Okawaru.
  4010 | D:3      | Found a snail-covered altar of Cheibriados.
  4112 | D:4      | Noticed Edmund
  4213 | D:4      | Found a staircase to the Ecumenical Temple.
  4737 | D:4      | Killed Edmund
  4738 | D:4      | Reached XP level 6. HP: 24/54 MP: 9/9
  6380 | D:5      | Entered Level 5 of the Dungeon
  6387 | D:5      | Gained mutation: You curl defensively after being hit.
                  | [Palentonga growth]
  6387 | D:5      | Reached XP level 7. HP: 56/62 MP: 10/10
  6668 | D:5      | Noticed Pikel
  6684 | D:5      | Found an opulent altar of Gozag.
  7070 | D:5      | Noticed Menkaure
  7076 | D:5      | Killed Pikel
  7077 | D:5      | Reached XP level 8. HP: 6/75 MP: 3/11
  7393 | D:5      | Learned a level 3 spell: Spider Form
  7393 | D:5      | Noticed Eustachio
  7408 | D:5      | Killed Eustachio
  7409 | D:5      | Reached skill level 3 in Transmutations
  7509 | D:5      | Killed Menkaure
  7608 | D:5      | Reached skill level 4 in Transmutations
  7773 | D:5      | Found Tapray's Weapon Shoppe.
  7809 | D:5      | Found Sibbyej's Assorted Antiques.
  7821 | D:5      | Bought a fuming purple potion for 27 gold pieces
  7821 | D:5      | Bought a scroll of teleportation for 90 gold pieces
  7821 | D:5      | Bought a black potion for 27 gold pieces
  7821 | D:5      | Bought an orange potion for 27 gold pieces
  8187 | D:5      | Found Raol's Armour Boutique.
  8207 | D:5      | Bought a +0 cloak for 63 gold pieces
  8347 | D:5      | Found Weomoh's General Store.
  8395 | D:5      | Noticed Prince Ribbit
  8413 | D:5      | Killed Prince Ribbit
  8414 | D:5      | Reached skill level 5 in Transmutations
  8641 | D:5      | Found a runed translucent door.
  8642 | D:5      | Noticed Crazy Yiuf
  8651 | D:5      | Killed Crazy Yiuf
  9149 | D:6      | Found a glowing drain.
  9175 | Sewer    | Entered a sewer
  9746 | D:6      | Reached skill level 6 in Transmutations
  9746 | D:6      | Reached XP level 9. HP: 81/84 MP: 15/15
 10511 | D:6      | Reached skill level 7 in Transmutations
 10693 | D:6      | Reached skill level 5 in Spellcasting
 12339 | D:7      | Reached skill level 8 in Transmutations
 12654 | D:7      | Learned a level 5 spell: Blade Hands
 12733 | D:7      | Learned a level 4 spell: Ice Form
 13835 | D:8      | Found Ryes's Antique Weapon Boutique.
 13835 | D:8      | Found Koxyowas's Antique Weapon Boutique.
 13836 | D:8      | Found Mureamyo's General Store.
 13836 | D:8      | Found Toefivant's Book Boutique.
 13857 | D:8      | Reached skill level 9 in Transmutations
 14166 | D:8      | Noticed a gargoyle
 14186 | D:8      | Killed a gargoyle
 14187 | D:8      | Reached XP level 10. HP: 37/92 MP: 13/18
 14217 | D:8      | Reached skill level 10 in Transmutations
 14612 | D:8      | Noticed Harold
 14625 | D:8      | Killed Harold
 14626 | D:8      | Reached skill level 11 in Transmutations
 14643 | D:8      | Noticed Grum
 14920 | D:9      | Reached skill level 1 in Ice Magic
 15437 | D:9      | Reached skill level 1 in Armour
 15843 | D:9      | Gained mutation: Your spells are a little harder to cast,
                  | but a little more powerful. [potion of mutation]
 15843 | D:9      | Gained mutation: Your spells are harder to cast, but more
                  | powerful. [potion of mutation]
 15843 | D:9      | Gained mutation: You are agile. (Dex +2) [potion of
                  | mutation]
 16615 | D:10     | Entered Level 10 of the Dungeon
 16615 | D:10     | Found a broken altar of Ashenzari.
 16839 | D:10     | Reached XP level 11. HP: 74/98 MP: 19/19
 17067 | D:8      | Killed Grum
 17606 | D:8      | Identified a scroll of acquirement
 17607 | D:8      | Acquired 626 gold pieces
 17759 | D:5      | Bought a potion of heal wounds for 65 gold pieces
 17759 | D:5      | Bought the +1 robe of Responsibility {rPois rF+} for 310
                  | gold pieces
 17959 | D:8      | Noticed Psyche
 17967 | D:8      | Killed Psyche
 18799 | D:8      | Reached skill level 12 in Transmutations
 18896 | D:8      | Noticed Gastronok
 18908 | D:8      | Killed Gastronok
 20090 | D:10     | Noticed Urug
 20522 | D:10     | Found a staircase to the Lair.
 20734 | Lair:1   | Entered Level 1 of the Lair of Beasts
 20737 | Lair:1   | Noticed a five-headed hydra
 20752 | D:10     | Reached skill level 13 in Transmutations
 20767 | D:10     | Found a transporter.
 20865 | D:10     | Found a staircase to the Orcish Mines.
 20974 | D:10     | Found an ornate altar of the Wu Jian Council.
 20974 | D:10     | Noticed a deep elf mage
 20977 | D:10     | Noticed a soul eater
 20980 | D:10     | Killed a deep elf mage
 20981 | D:10     | Reached skill level 5 in Armour
 21050 | D:10     | Noticed Snorg
 21057 | D:10     | Killed Snorg
 21061 | D:10     | Killed Urug
 21062 | D:10     | Reached XP level 12. HP: 89/107 MP: 20/20
 21245 | D:10     | Found a transporter.
 23696 | Lair:1   | Reached skill level 5 in Dodging
 24457 | Lair:2   | Noticed a four-headed hydra
 24469 | Lair:2   | Killed a four-headed hydra
 26148 | Lair:2   | Reached XP level 13. HP: 112/112 MP: 16/21
 26665 | Lair:3   | Reached ****** piety under Uskayaw
 27354 | Lair:3   | Found a dark tunnel.
 27584 | Lair:3   | Reached skill level 10 in Unarmed Combat
 27640 | Lair:3   | Found a staircase to the Swamp.
 28227 | Lair:3   | Found a hole to the Spider Nest.
 28545 | Lair:3   | Found a runed translucent door.
 29229 | Lair:3   | Got a brightly glowing whip
 29821 | Lair:4   | You fall into a shaft and drop 2 floors!
 29821 | Lair:6   | Entered Level 6 of the Lair of Beasts
 29821 | Lair:6   | Found a staircase to the Slime Pits.
 31537 | Lair:6   | Reached skill level 1 in Invocations
 31938 | Lair:6   | HP: 2/112 [death yak (23)]
 31966 | Lair:6   | Reached XP level 14. HP: 39/121 MP: 9/22
 32008 | Slime:1  | Entered Level 1 of the Pits of Slime
 32021 | Slime:1  | Noticed an acid blob
 33135 | Lair:4   | Reached skill level 5 in Invocations
 33314 | Lair:4   | Noticed Sonja
 33601 | Lair:4   | HP: 2/148 [rime drake/flash freeze (17)]
 34150 | Lair:4   | Killed Sonja
 35385 | Lair:4   | Reached skill level 10 in Fighting
 35821 | Lair:5   | You fall into a shaft and drop 1 floor!
 35959 | Lair:5   | Found a shimmering altar of Xom.
 37998 | Lair:6   | HP: 4/132 [dire elephant (14)]
 38398 | Lair:6   | Acquired a +2 barding of cold resistance
 38721 | Lair:6   | Got an iridescent rapier
 38756 | Lair:6   | Identified the +1 rapier "Nest" {holy, +Inv rF+ rC+ rN+}
                  | (You found it on level 6 of the Lair of Beasts)
 38757 | Lair:6   | Identified the +10 whip of Circularity {drain, *Slow rElec
                  | Str+4 SInv} (You found it on level 3 of the Lair of Beasts)
 38849 | Lair:6   | Reached XP level 15. HP: 121/139 MP: 19/23
 39642 | D:11     | Found Ojeifu's Changing Room.
 39907 | D:11     | Bought Gasmot's Grimoire of Transmutation for 935 gold
                  | pieces
 39922 | D:11     | Learned a level 6 spell: Statue Form
 40060 | D:11     | Noticed Erolcha
 40068 | D:11     | Killed Erolcha
 40069 | D:11     | Reached skill level 1 in Earth Magic
 40175 | D:11     | Found a bloodstained altar of Trog.
 40737 | D:12     | Found the +9 scales of the Dragon King {rPois rF+ rC+
                  | Will+}
 41741 | D:13     | Reached skill level 5 in Earth Magic
 41853 | D:13     | Paralysed by a hornet for 3 turns
 41858 | D:13     | Slain by a boulder beetle

Illustrated notes

Levels and vault maps discovered:
D:1:      giann_horns, layout_loops_ring, st_stairs_3, hangedman_decor_opposing,
          chequers_serial_rivers_small_3
D:2:      layout_loops_ring, kennysheep_ying_yang, grunt_temple_overflow_open,
          chequers_ecumenical_altar_lobes, uniq_sigmund, uniq_robin,
          uniq_jessica
D:3:      layout_loops_corners, gammafunk_temple_overflow_elements,
          lemuel_blue_sif_altar
D:4:      layout_layer_cave, minmay_temple_entry_large_hall, uniq_edmund
D:5:      layout_basic, nicolae_overflow_hidden_temple, serial_shops,
          nicolae_shop_behind_doors, nicolae_shop_behind_doors, shop,
          kennysheep_mini_moat, uniq_menkaure, uniq_eustachio,
          uniq_prince_ribbit1, uniq_crazy_yiuf_cottage, uniq_pikel
D:6:      minmay_general_purpose_star, layout_layer_cave, gup_sewer_entry_glass,
          lightli_minifort
D:7:      layout_basic, grunt_tough_drop
D:8:      kennysheep_seaside_town, layout_basic, serial_ice, serial_ice_l,
          serial_ice_f, serial_ice_c, serial_ice_m, minmay_misc_feat_columns,
          minmay_shop_grid_forest, hangedman_pestilent_swarm,
          kennysheep_doodads, uniq_psyche, uniq_harold, uniq_gastronok,
          uniq_grum
D:9:      layout_roguey, hangedman_misty_isle
D:10:     gammafunk_cloud_chamber, layout_irregular_city,
          minmay_lair_entry_grove, basic_altar, david_defended_altar_elf,
          uniq_urug, uniq_snorg
D:11:     layout_loops_ring, basic_altar, minivault_16,
          nicolae_transmutations_shop, uniq_erolcha
D:12:     layout_cave_pools
D:13:     layout_rooms, gammafunk_ghost_smash, uniq_maurice
Lair:1:   beast_lair_carwin_large_3, layout_chaotic_city
Lair:2:   beast_lair_carwin_large_1, layout_hall_layers,
          nicolae_lair_grove_arrangements, cheibrodos_lair_reptile_den
Lair:3:   gammafunk_indiana_jones, layout_loops_ring, swamp_mist,
          spider_nest_entry_webs, nicolae_volcano_entry_two_sided
Lair:4:   layout_concentric_octagons, special_room [special_room_mythical_zoo],
          grunt_megastairs_2, uniq_sonja
Lair:5:   layout_loops_ring, basic_altar, lemuel_fruit_fields,
          infiniplex_staircase_pool, lemuel_fruit_tree
Lair:6:   due_jungle_book, layout_long_grid, minmay_slime_entry_oklob_enclosed
Slime:1:  layout_caves

Skill      XL: |  1  2  3  4  5  6  7  8  9 10 11 12 13 14 15 |
---------------+----------------------------------------------+-----
Unarmed Combat | 4 5 6 7 8 12 | 12.7
Fighting       | 2 3 6 7 11 | 11.5
Transmutations | 6 9 11 13 | 13.7
Spellcasting   | 4 5 |  5.8
Ice Magic      | 3 |  3.0
Armour         | 2 5 6 7 |  7.6
Dodging        | 3 4 8 |  8.0
Invocations    | 3 8 |  8.3
Earth Magic    | 6 |  6.3

Action                   |  1- 3 |  4- 6 |  7- 9 | 10-12 | 13-15 || total
-------------------------+-------+-------+-------+-------+-------++-------
Melee: Unarmed           |   114 |   182 |   456 |   610 |   793 ||  2155
       Tailslap          |    10 |    17 |    63 |    79 |    95 ||   264
       Headbutt          |     6 |    12 |    29 |       |       ||    47
       Kick              |     6 |     7 |    52 |       |       ||    65
       Punch             |     2 |     3 |    13 |    16 |    52 ||    86
Throw: Dart              |       |     3 |    14 |     1 |       ||    18
 Cast: Beastly Appendage |    13 |    12 |    31 |       |       ||    56
       Wereblood         |       |     3 |     7 |     5 |     7 ||    22
       Blade Hands       |       |       |     1 |    61 |    87 ||   149
       Spider Form       |       |       |     1 |       |       ||     1
       Ice Form          |       |       |       |     1 |     7 ||     8
       Statue Form       |       |       |       |       |     1 ||     1
Invok: Stomp             |       |     3 |     9 |    12 |    11 ||    35
       Line Pass         |       |     1 |     2 |     3 |     3 ||     9
 Abil: Rolling Charge    |     1 |     8 |    18 |    42 |    25 ||    94
       End Transformatio |       |       |       |     1 |     6 ||     7
Evoke: Wand              |       |       |       |     1 |     7 ||     8
  Use: Scroll            |     3 |     1 |     8 |    21 |    16 ||    49
       Potion            |       |     4 |     6 |     6 |    14 ||    30
 Stab: Sleeping          |     2 |       |     1 |       |     1 ||     4
       Paralysed         |       |     4 |    21 |    39 |    56 ||   120
       Invisible         |       |     2 |       |       |       ||     2
Armor: Robe              |    52 |    48 |    22 |       |    59 ||   181
       Leather armour    |       |       |   155 |   104 |       ||   259
       Skin              |       |       |       |     5 |    31 ||    36
       Ring mail         |       |       |       |   145 |   195 ||   340
       Gold dragon scale |       |       |       |       |     7 ||     7
Dodge: Dodged            |    56 |    93 |   204 |   350 |   577 ||  1280
